 Dungeon Crawl Stone Soup version 0.20.1-1-g8b1a95d (webtiles) character file.

2392 casualsmaash the Fighter (level 9, -2/78 HPs)
             Began as a Barachi Fighter on July 22, 2017.
             Was an Elder of Okawaru.
             Slain by a spriggan baker
             ... wielding a +0 dagger
              (12 damage)
             ... on level 7 of the Dungeon.
             The game lasted 00:39:15 (7840 turns).

casualsmaash the Fighter (Barachi Fighter)          Turns: 7840, Time: 00:39:15

Health: -2/78      AC:  5    Str: 19    XL:     9   Next: 46%
Magic:  9/9        EV: 11    Int: 12    God:    Okawaru [****..]
Gold:   309        SH:  0    Dex: 11    Spells: 8/8 levels left

rFire    . . .     SeeInvis .   d - +0 battleaxe (curse)
rCold    . . .     Gourm    .   (shield currently unavailable)
rNeg     . . .     Faith    .   c - +0 leather armour (curse)
rPois    .         Spirit   .   m - +0 helmet
rElec    .         Reflect  .   (no cloak)
rCorr    .         Harm     .   (no gloves)
MR       .....                  (no boots)
Stlth    +.........             (no amulet)
Regen    0.3/turn               D - +3 ring of intelligence
MPRegen  0.2/turn               (no ring)

@: slow
A: +LOS, swims, slowness 1, weak 1, strong legs 1
a: Hop, Heroism, Renounce Religion


You were on level 7 of the Dungeon.
You worshipped Okawaru.
Okawaru was greatly pleased with you.
You were hungry.

You visited 1 branch of the dungeon, and saw 7 of its levels.

You collected 381 gold pieces.
You spent 72 gold pieces at shops.

Inventory:

Hand Weapons
 a - a +1 trident
 d - a cursed +0 battleaxe (weapon)
 F - a +0 mace of venom
Missiles
 n - 9 tomahawks (quivered)
Armour
 b - a +0 scale mail
 c - a cursed +0 leather armour (worn)
 l - the +0 robe "Miris" {*Contam rN+ rCorr Str+2}
   (You found it on level 7 of the Dungeon)

   It affects your strength (+2).
   It protects you from negative energy.
   It causes magical contamination when unequipped.
   It protects you from acid and corrosion.
 m - a +0 helmet (worn)
Jewellery
 y - an uncursed ring of poison resistance
 D - a +3 ring of intelligence (left hand)
Wands
 e - a wand of flame (21/48)
Scrolls
 f - a scroll of magic mapping
 h - 3 scrolls of identify
 o - a scroll of random uselessness
 p - 3 scrolls of teleportation
 s - a scroll of enchant armour
 v - 2 scrolls of fear
 B - a scroll of immolation
 C - a scroll of blinking {unknown}
Potions
 i - a potion of mutation {unknown}
 j - 2 potions of flight {unknown}
 k - a potion of curing
 u - a potion of ambrosia
 z - 2 potions of berserk rage {unknown}
 A - a potion of resistance {unknown}
Books
 x - a book of Maledictions

   Spells                             Type                      Level
   a - Corona                         Hexes                        1
   b - Ensorcelled Hibernation        Hexes/Ice                    2
   c - Confuse                        Hexes                        3
   d - Tukima's Dance                 Hexes                        3
   e - Dazzling Spray                 Conjuration/Hexes            3
Comestibles
 g - 3 meat rations
 r - 2 fruits
 t - 3 bread rations
 w - a royal jelly


   Skills:
 - Level 10.2 Fighting
 + Level 5.6(5.9) Axes
 - Level 2.0(3.8) Polearms
 - Level 10.0 Armour
   Level 3.2 Shields


You had 8 spell levels left.
You didn't know any spells.

Dungeon Overview and Level Annotations

Branches:
Dungeon (7/15)
 Temple: D:4-7

Altars:
Okawaru

Shops:
D:4 !

Annotations:
D:5 Grinder


Innate Abilities, Weirdness & Mutations

Shadows flee at your approach. (+LOS)
You can swim through water.
You cover ground slowly.
You can hop short distances.
You are weak. (Str -2)


Message History

You are too injured to fight recklessly!
You are too injured to fight recklessly!
You miss the spriggan baker.
The spriggan baker is lightly wounded.
The spriggan baker hits you with a dagger.
The spriggan baker closely misses you.
You miss the spriggan baker.
The spriggan baker is lightly wounded.
The spriggan baker hits you with a dagger!
* * * LOW HITPOINT WARNING * * *
You slash the spriggan baker!
The spriggan baker is heavily wounded.
The spriggan baker hits you with a dagger!
* * * LOW HITPOINT WARNING * * *
The spriggan baker hits you with a dagger.
* * * LOW HITPOINT WARNING * * *
You closely miss the spriggan baker.
The spriggan baker is heavily wounded.
The spriggan baker hits you with a dagger!
You die...

#.......#.
####.####.#.
#..)..# ...
#.....# #..#
##.....# #.#
#......#
####.....#
#%#.#......#
#%..i@.....#
############


You could see a spriggan baker.

Vanquished Creatures
  Menkaure (D:7)
  A phantom (D:6)
  An orc warrior (D:5)
  A sky beast (D:6)
  2 black bears (D:6)
  An ice beast (D:6)
  4 ogres
  2 centaurs
  A bullfrog (D:6)
  A water moccasin zombie (D:7)
  2 scorpions
  A water moccasin skeleton (D:4)
  3 wights (D:6)
  A vampire bat (D:5)
  A howler monkey (D:5)
  A centaur zombie (D:5)
  A crimson imp (D:6)
  A bullfrog zombie (D:6)
  2 hounds
  A centaur skeleton (D:4)
  2 iguanas
  2 orc wizards (D:7)
  Terence (D:2)
  A bullfrog skeleton (D:4)
  3 worker ants
  A worker ant zombie (D:5)
  3 gnolls (D:3)
  9 adders
  A shadow imp (D:6)
  An ooze (D:2)
  3 worms
  6 dart slugs
  3 fire bats (D:5)
  7 leopard geckos
  11 orcs
  2 spectral bats (D:5)
  A ball python (D:3)
  17 bats
  3 bat skeletons (D:5)
  A bat zombie (D:5)
  4 giant cockroaches
  8 goblins
  7 hobgoblins
  16 jackals
  4 quokkas
  A bat simulacrum (D:5)
  2 frilled lizards
  9 kobolds
  A quokka skeleton (D:5)
  A quokka zombie (D:6)
  11 rats
171 creatures vanquished.

Vanquished Creatures (others)
  A bush (D:3)
  A plant (D:3)
2 creatures vanquished.

Grand Total: 173 creatures vanquished

Notes
Turn   | Place    | Note
-------+----------+-------------------------------------------
     0 | D:1      | casualsmaash the Barachi Fighter began the quest for the Orb.
     0 | D:1      | Reached XP level 1. HP: 18/18 MP: 1/1
   123 | D:1      | Reached XP level 2. HP: 23/25 MP: 2/2
   435 | D:1      | Reached XP level 3. HP: 32/32 MP: 3/3
   441 | D:1      | Reached skill level 5 in Fighting
  1182 | D:2      | Reached XP level 4. HP: 36/40 MP: 4/4
  1541 | D:2      | Noticed Terence
  1559 | D:2      | Killed Terence
  1943 | D:3      | Reached XP level 5. HP: 41/47 MP: 5/5
  2233 | D:3      | Noticed an ogre
  2883 | D:3      | Found a faded altar of an unknown god.
  2885 | D:3      | Became a worshipper of Warmaster Okawaru
  2885 | D:3      | Reached * piety under Okawaru
  3059 | D:3      | Killed an ogre
  3059 | D:3      | Reached XP level 6. HP: 23/56 MP: 6/6
  3354 | D:4      | Found Xexoum's Distillery.
  3368 | D:4      | Bought a potion of curing for 36 gold pieces
  3368 | D:4      | Bought a potion of curing for 36 gold pieces
  3748 | D:4      | Reached XP level 7. HP: 54/64 MP: 7/7
  4023 | D:4      | Reached ** piety under Okawaru
  4060 | D:5      | Entered Level 5 of the Dungeon
  4190 | D:5      | Reached skill level 10 in Fighting
  4994 | D:5      | Reached skill level 5 in Armour
  5160 | D:5      | Reached XP level 8. HP: 71/72 MP: 8/8
  5698 | D:6      | Noticed Grinder
  5707 | D:6      | Paralysed by Grinder for 4 turns
  5714 | D:6      | HP: 3/72 [Grinder/nerve-wracking pain (5)]
  6195 | D:6      | Reached *** piety under Okawaru
  6228 | D:6      | Reached XP level 9. HP: 32/78 MP: 9/9
  6270 | D:6      | Reached skill level 10 in Armour
  7366 | D:7      | Got a thick robe
  7383 | D:6      | Identified the +0 robe "Miris" {*Contam rN+ rCorr Str+2} (You found it on level 7 of the Dungeon)
  7400 | D:7      | Gained mutation: You are weak. (Str -2) [mutagenic glow]
  7475 | D:7      | Noticed Menkaure
  7502 | D:7      | Killed Menkaure
  7502 | D:7      | Reached **** piety under Okawaru
  7502 | D:7      | Reached skill level 5 in Axes
  7840 | D:7      | Slain by a spriggan baker

Skill      XL: |  1  2  3  4  5  6  7  8  9 |
---------------+----------------------------+-----
Fighting       | 4 5 6 8 9 10 | 10.2
Armour         | 5 9 10 | 10.0
Axes           | 5 |  5.6
Polearms       | |  2.0
Shields        | |  3.2

Action                   |  1- 3 |  4- 6 |  7- 9 || total
-------------------------+-------+-------+-------++-------
Melee: Trident           |   132 |   238 |   286 ||   656
       Battleaxe         |       |       |   105 ||   105
       Mace              |       |       |    18 ||    18
Invok: Heroism           |       |       |     3 ||     3
 Abil: Hop               |       |     1 |     3 ||     4
  Use: Scroll            |       |     7 |     9 ||    16
       Potion            |       |     2 |    11 ||    13
 Stab: Invisible         |       |       |     1 ||     1
  Eat: Chunk             |     1 |     6 |     8 ||    15
       Bread ration      |     1 |       |       ||     1
       Fruit             |       |       |     1 ||     1
       Meat ration       |       |       |     1 ||     1
Armor: Scale mail        |    40 |    91 |   341 ||   472
       Leather armour    |       |       |     4 ||     4
Dodge: Dodged            |    30 |    54 |   213 ||   297
Block: Shield            |    60 |    96 |   210 ||   366
